 Dungeon Crawl Stone Soup version 0.32-a0-18-g89e19f1974 (console) character file.

Game seed: 4499310558655765627

36516 Ignak the Blocker (level 13, 0/101 HPs)
             Began as a Gnoll Air Elementalist on Jan 16, 2024.
             Was a High Priest of Sif Muna.
             Slain by a sixfirhy (9 damage)
             ... summoned by an orc high priest
             ... on level 2 of the Orcish Mines.
             The game lasted 00:52:16 (17018 turns).

Ignak the Blocker (Gnoll Air Elementalist)         Turns: 17018, Time: 00:52:17

Health: 0/101      AC:  9    Str: 13    XL:     13   Next: 90%
Magic:  3/27       EV: 19    Int: 25    God:    Sif Muna [*****.]
Gold:   1309       SH:  0    Dex: 12    Spells: 10/32 levels left

rFire   + + +        a - +9 long sword {freeze, Will+}
rCold   + . .        G - +2 kite shield
rNeg    . . .        J - +0 troll leather armour
rPois   .            p - +0 helmet of Feastraif {rF++ Str+4}
rElec   .            m - scarf {rC+ rF+}
rCorr   .            (no gloves)
SInv    .            s - +2 pair of boots {rampage}
Will    +....        (no amulet)
Stlth   ++           d - +5 ring of evasion
HPRegen 1.16/turn    l - +6 ring of intelligence
MPRegen 0.20/turn

%: rampage
@: confused, ambrosia-drunk, studying Shields
A: fangs 1, strong nose, distributed training, inability to read after injury 1
a: Renounce Religion, Channel Magic, Forget Spell, Divine Exegesis


You were on level 2 of the Orcish Mines.
You worshipped Sif Muna.
Sif Muna was extremely pleased with you.
You visited 3 branches of the dungeon, and saw 15 of its levels.
You also visited: Bailey.

You collected 1585 gold pieces.
You spent 276 gold pieces at shops.

Inventory:

Hand Weapons
 a - the +9 long sword of Xom's Respect (weapon) {freeze, Will+}
   (You found it on level 5 of the Dungeon)

   Will+:     It increases your willpower.
 b - the +5 dagger "Killer Klown's Bane" {heavy, rN+ Will+}
   (You found it on level 5 of the Dungeon)

   rN+:       It protects you from negative energy.
   Will+:     It increases your willpower.
Missiles
 r - 2 throwing nets
 z - 10 poisoned darts (quivered)
Armour
 f - a +1 helmet
 m - a scarf of resistance (worn)
 p - the +0 helmet of Feastraif (worn) {rF++ Str+4}
   (You acquired it on level 5 of the Dungeon)

   Str+4:     It affects your strength (+4).
   rF++:      It greatly protects you from fire.
 s - a +2 pair of boots of rampaging (worn)
 u - a +1 robe of resistance
 v - a +0 cloak
 y - an orb of guile
 B - a +2 leather armour of cold resistance
 G - a +2 kite shield (worn)
 J - a +0 troll leather armour (worn)
Jewellery
 d - a +5 ring of evasion (left hand)
 l - a +6 ring of intelligence (right hand)
 D - a ring of willpower
Wands
 x - a wand of paralysis (11)
 C - a wand of mindburst (5)
 H - a wand of iceblast (12)
 I - a wand of flame (11)
Scrolls
 h - 8 scrolls of teleportation
 j - 5 scrolls of enchant weapon
 k - a scroll of amnesia
 n - 2 scrolls of blinking
 o - 4 scrolls of poison
 t - 2 scrolls of fog
 w - 7 scrolls of identify
 E - a scroll of silence
 L - a scroll of enchant armour {unknown}
 O - a scroll of revelation
Potions
 c - a potion of curing
 e - a potion of brilliance
 g - 2 potions of resistance
 q - a potion of magic
 A - a potion of enlightenment
 F - a potion of mutation
Miscellaneous
 K - a box of beasts
 M - a lightning rod (2/4)


   Skills:
 + Level 9.0 Fighting
 + Level 9.0 Short Blades
 + Level 9.0 Long Blades
 + Level 9.0 Axes
 + Level 9.0 Maces & Flails
 + Level 9.0 Polearms
 + Level 9.0 Staves
 + Level 9.0 Ranged Weapons
 + Level 9.0 Throwing
 + Level 9.0 Armour
 + Level 10.1 Dodging
 + Level 10.0 Stealth
 + Level 12.1 Shields
 + Level 9.0 Unarmed Combat
 + Level 10.3 Spellcasting
 + Level 7.9 Conjurations
 + Level 7.5 Hexes
 + Level 7.5 Summonings
 + Level 7.5 Necromancy
 + Level 7.5 Translocations
 + Level 7.5 Fire Magic
 + Level 7.5 Ice Magic
 + Level 9.4 Air Magic
 + Level 7.5 Earth Magic
 + Level 7.5 Alchemy
 + Level 9.8 Invocations
 + Level 9.0 Evocations
 + Level 8.2 Shapeshifting


You had 10 spell levels left.
You knew the following spells:

 Your Spells              Type           Power      Damage    Failure   Level
a - Shock                 Conj/Air       100%       1d9       1%          1
b - Swiftness             Air            56%        N/A       1%          3
c - Arcjolt               Conj/Air       27%        1d37      10%         5
d - Curse of Agony        Necr           50%        N/A       16%         5
f - Airstrike             Air            28%        2d(4-20)  2%          4
z - Olgreb's Toxic Radia  Alch           50%        N/A       6%          4

Your spell library contained the following spells:

 Spells                   Type           Power      Damage    Failure   Level
 Necrotise                Necr           100%       1d9       1%          1
 Sting                    Conj/Alch      100%       1d9       1%          1
 Lesser Beckoning         Tloc           100%       N/A       1%          2
 Static Discharge         Conj/Air       100%       3-8/arc   1%          2
 Dazzling Flash           Conj/Hex       100%       N/A       1%          3
 Vampiric Draining        Necr           50%        2d9       1%          3
 Volatile Blastmotes      Fire/Tloc      100%       2d18      1%          3
 Vhi's Electric Charge    Tloc/Air       100%       N/A       4%          4
 Animate Dead             Necr           50%        N/A       6%          4
 Martyr's Knell           Necr/Summ      50%        N/A       6%          4
 Borgnjor's Vile Clutch   Necr/Erth      25%        N/A       16%         5
 Summon Forest            Summ/Tloc      25%        N/A       16%         5
 Plasma Beam              Fire/Air       26%        2x1d39    52%         6
 Starburst                Conj/Fire      25%        6d8       63%         6
 Death Channel            Necr           25%        N/A       65%         6
 Ozocubu's Refrigeration  Ice            25%        4d13      99%         7
 Discord                  Hex            25%        N/A       100%        8
 Disjunction              Tloc           25%        N/A       100%        8
 Maxwell's Capacitive Co  Air            28%        ∞         100%        8


Dungeon Overview and Level Annotations

Branches:
Dungeon (12/15)            Temple (1/1) D:5            Lair (0/5) D:8
    Orc (2/2) D:12         Bailey (visited)
    Elf: Orc:2

Altars:
Ashenzari
Cheibriados
Dithmenos
Elyvilon
Fedhas
Gozag
Hepliaklqana
Kikubaaqudgha
Makhleb
Nemelex Xobeh
Okawaru
Qazlal
Ru
Sif Muna
Trog
Uskayaw
Vehumet
Wu Jian
Xom
Yredelemnul
Zin
The Shining One

Shops:
D:7 *   D:11 :   Orc:2 ?


Innate Abilities, Weirdness & Mutations

You have very sharp teeth.
Your uncanny sense of smell can sniff out nearby items.
Your experience applies equally to all skills.
You occasionally lose the ability to read scrolls when taking damage.


Message History

Here: a sixfirhy (moderately wounded, summoned, very poisoned) Item here: a +0 falchion.
The floor.
You cannot read scrolls in your current state!
Unknown command.
Okay, then.
You can read scrolls again.
The sixfirhy barely misses you.
The sixfirhy hits you but does no damage.
You block the sixfirhy's attack. You block the sixfirhy's attack.
The sixfirhy attacks as it pursues you! You block the sixfirhy's attack.
The sixfirhy hits you.
* * * LOW HITPOINT WARNING * * *
The sixfirhy shocks you!
* * * LOW HITPOINT WARNING * * *
The sixfirhy completely misses you. You block the sixfirhy's attack.
You feel better.
The orc high priest mumbles some strange prayers to Beogh against you.
Beogh smites you!
* * * LOW HITPOINT WARNING * * *
Casting: Olgreb's Toxic Radiance (dangerous; 6% risk of failure)
Confirm with . or Enter, or press ? or * to list all spells.
You begin to radiate toxic energy.
The orc high priest looks as sick as possible!
The sixfirhy looks even sicker.
The orc knight looks as sick as possible!
The orc high priest looks as sick as possible!
The sixfirhy looks as sick as possible!
Okay, then.
You are confused.
You feel invigorated.
The sixfirhy looks as sick as possible!
The orc knight looks as sick as possible!
Your toxic aura wanes.
The sixfirhy hits you.
* * * LOW HITPOINT WARNING * * *
The sixfirhy shocks you!
* * * LOW HITPOINT WARNING * * *
The sixfirhy hits you!
You die...

#...............)....).....#
##.............#........#.##
##...............)..#..###
##....)..)...).........#
##..).............)....##
#...........)..........#
#######..).)...........#
##### #....))..)...#......#
....### #...).3@.).........##
......####......)...........#
........##...............#.##
......)..#.4..).)...........
.#.#)#.#.#))......†......#
....))..)4)o).....).......
.......).)o)))..).........
...)...).)))..............
.#.#.#.#)#.........$......


You could see an orc knight (strong, extremely poisoned), an orc high priest
(strong, extremely poisoned), a hellwing (summoned), an ice devil (summoned) and
a sixfirhy (summoned, extremely poisoned).

Vanquished Creatures
  An orc warlord (Orc:1)
  6 two-headed ogres
  A boulder beetle (D:10)
  3 orc high priests
  A death yak (D:6)
  The ghost of Dirol the Summoner, a novice MfSu of Wu Jian (D:8)
  Urug (Orc:2)
  4 skeletal warriors
  A fire crab (D:8)
  5 orc knights
  2 deep elf pyromancers (D:12)
  A manticore (D:12)
  5 kobold blastminers
  Maurice (D:7)
  Joseph (D:9)
  4 gargoyles
  A komodo dragon (D:12)
  Jeremiah (D:8)
  A polar bear (D:7)
  6 trolls
  Grinder (D:4)
  Sigmund (D:3)
  2 shadows
  3 wyverns
  2 hogs (D:7)
  22 yaks
  A basilisk (D:12)
  4 wargs
  A steam dragon (D:7)
  2 water moccasins (D:5)
  Duvessa (D:7)
  A sky beast (D:7)
  An ice beast (D:8)
  42 orc warriors
  9 black bears
  3 wolves (D:7)
  11 centaurs
  4 ogres
  A phantom (D:6)
  A kobold brigand (D:8)
  Blork the orc (D:3)
  5 bullfrogs
  5 scorpions
  A gnoll sergeant (D:9)
  3 wights (D:7)
  Dowan (D:7)
  8 killer bees
  3 bombardier beetles
  2 howler monkeys
  2 electric eels (D:6)
  3 hounds
  3 jellies
  45 orc priests
  A gnoll bouda (D:7)
  6 iguanas
  20 orc wizards
  Robin (D:4)
  11 gnolls
  7 adders
  2 shadow imps
  4 white imps
  2 ufetubi (D:6)
  4 dart slugs
  135 orcs
  6 bats
  6 endoplasms
  A giant cockroach (D:2)
  23 goblins
  8 hobgoblins
  11 kobolds
  6 quokkas
  3 ball pythons
  4 frilled lizards
  4 rats
507 creatures vanquished.

Vanquished Creatures (collateral kills)
  2 wargs (Orc:1)
  2 orc warriors (Orc:1)
4 creatures vanquished.

Vanquished Creatures (others)
  An orc (D:8)
1 creature vanquished.

Grand Total: 512 creatures vanquished

Notes
Turn   | Place    | Note
-------+----------+-------------------------------------------
     0 | D:1      | Ignak the Gnoll Air Elementalist began the quest for the
                  | Orb.
     0 | D:1      | Reached XP level 1. HP: 13/13 MP: 6/6
   135 | D:1      | Reached XP level 2. HP: 19/19 MP: 4/7
   144 | D:1      | Learned a level 2 spell: Static Discharge
   310 | D:1      | Reached skill level 5 in Spellcasting
   310 | D:1      | Reached XP level 3. HP: 25/25 MP: 7/9
   410 | D:1      | Learned a level 3 spell: Swiftness
   685 | D:2      | Reached skill level 1 in Invocations
   899 | D:2      | Reached skill level 1 in Fighting
   899 | D:2      | Reached skill level 1 in Short Blades
   899 | D:2      | Reached skill level 1 in Long Blades
   899 | D:2      | Reached skill level 1 in Axes
   899 | D:2      | Reached skill level 1 in Maces & Flails
   899 | D:2      | Reached skill level 1 in Polearms
   899 | D:2      | Reached skill level 1 in Staves
   899 | D:2      | Reached skill level 1 in Ranged Weapons
   899 | D:2      | Reached skill level 1 in Throwing
   899 | D:2      | Reached skill level 1 in Armour
   899 | D:2      | Reached skill level 1 in Shields
   899 | D:2      | Reached skill level 1 in Unarmed Combat
   899 | D:2      | Reached skill level 1 in Evocations
  1272 | D:3      | Reached skill level 1 in Shapeshifting
  1272 | D:3      | Reached XP level 4. HP: 32/32 MP: 8/11
  1278 | D:3      | Learned a level 4 spell: Airstrike
  1782 | D:3      | Noticed Sigmund
  1828 | D:3      | Killed Sigmund
  1829 | D:3      | Reached skill level 1 in Hexes
  1829 | D:3      | Reached skill level 1 in Summonings
  1829 | D:3      | Reached skill level 1 in Necromancy
  1829 | D:3      | Reached skill level 1 in Translocations
  1829 | D:3      | Reached skill level 1 in Fire Magic
  1829 | D:3      | Reached skill level 1 in Ice Magic
  1829 | D:3      | Reached skill level 1 in Earth Magic
  1829 | D:3      | Reached skill level 1 in Alchemy
  1829 | D:3      | Reached XP level 5. HP: 38/38 MP: 1/12
  1829 | D:3      | Reached XP level 6. HP: 44/44 MP: 1/14
  2111 | D:4      | Noticed Robin
  2131 | D:4      | Noticed Blork the orc
  2144 | D:3      | Reached skill level 5 in Dodging
  2144 | D:3      | Reached skill level 2 in Shields
  2344 | D:3      | Killed Blork the orc
  2473 | D:4      | Killed Robin
  2474 | D:4      | Reached XP level 7. HP: 43/50 MP: 6/15
  2800 | D:4      | Identified a scroll of acquirement
  2938 | D:4      | Reached skill level 5 in Stealth
  3314 | D:4      | Noticed Grinder
  3336 | D:4      | Paralysed by Grinder for 3 turns
  3350 | D:4      | Killed Grinder
  3351 | D:4      | Reached skill level 3 in Shields
  3351 | D:4      | Reached XP level 8. HP: 48/58 MP: 3/16
  3533 | D:5      | Entered Level 5 of the Dungeon
  3593 | D:5      | Found a staircase to the Ecumenical Temple.
  3603 | Temple   | Entered the Ecumenical Temple
  3636 | Temple   | Became a worshipper of Sif Muna the Loreminder
  3699 | D:5      | Identified the +9 long sword of Xom's Respect {freeze,
                  | Will+}
  3733 | D:5      | Identified the +5 dagger "Killer Klown's Bane" {heavy, rN+
                  | Will+}
  3816 | D:5      | Found a glowing silver altar of Zin.
  4181 | D:5      | Reached skill level 4 in Shields
  4416 | D:5      | Reached XP level 9. HP: 46/65 MP: 8/18
  4419 | D:5      | Reached * piety under Sif Muna
  4879 | D:5      | Acquired the +0 helmet of Feastraif {rF++ Str+4}
  5073 | D:6      | Reached skill level 5 in Shields
  5097 | D:6      | HP: 2/66 [something (10)]
  5504 | D:6      | Reached ** piety under Sif Muna
  5546 | D:6      | Reached skill level 5 in Invocations
  5870 | D:7      | Noticed Duvessa
  5870 | D:7      | Noticed Dowan
  6054 | D:7      | Found a runed translucent gate.
  6054 | D:7      | Noticed a polar bear
  6055 | D:7      | Found a runed translucent gate.
  6055 | D:7      | Found a runed translucent gate.
  6056 | D:7      | Noticed a death yak
  6108 | D:7      | Learned a level 4 spell: Olgreb's Toxic Radiance
  6227 | D:7      | Reached skill level 6 in Shields
  6245 | D:6      | Reached skill level 5 in Fighting
  6245 | D:6      | Reached skill level 5 in Short Blades
  6245 | D:6      | Reached skill level 5 in Long Blades
  6245 | D:6      | Reached skill level 5 in Axes
  6245 | D:6      | Reached skill level 5 in Maces & Flails
  6245 | D:6      | Reached skill level 5 in Polearms
  6245 | D:6      | Reached skill level 5 in Staves
  6245 | D:6      | Reached skill level 5 in Ranged Weapons
  6245 | D:6      | Reached skill level 5 in Throwing
  6245 | D:6      | Reached skill level 5 in Armour
  6245 | D:6      | Reached skill level 5 in Unarmed Combat
  6245 | D:6      | Reached skill level 5 in Evocations
  6245 | D:6      | Reached XP level 10. HP: 18/74 MP: 10/20
  6430 | D:7      | Killed Duvessa
  6431 | D:7      | Killed Dowan
  6559 | D:7      | Found Teawne's General Store.
  6567 | D:7      | Bought a +0 cloak for 67 gold pieces
  6567 | D:7      | Bought a scroll of revelation for 112 gold pieces
  6784 | D:7      | Noticed Maurice
  6919 | D:7      | Maurice stole the +5 dagger "Killer Klown's Bane" {heavy,
                  | rN+ Will+}
  6928 | D:7      | Killed Maurice
  7312 | D:8      | Noticed a fire crab
  7321 | D:8      | Killed a fire crab
  7322 | D:8      | Reached skill level 5 in Conjurations
  7322 | D:8      | Reached skill level 5 in Shapeshifting
  7435 | D:8      | Noticed Jeremiah
  7449 | D:8      | Killed Jeremiah
  7450 | D:8      | Reached skill level 7 in Shields
  7575 | D:8      | Found a staircase to the Lair.
  7987 | D:8      | Reached *** piety under Sif Muna
  8534 | D:9      | Reached skill level 5 in Hexes
  8534 | D:9      | Reached skill level 5 in Summonings
  8534 | D:9      | Reached skill level 5 in Necromancy
  8534 | D:9      | Reached skill level 5 in Translocations
  8534 | D:9      | Reached skill level 5 in Fire Magic
  8534 | D:9      | Reached skill level 5 in Ice Magic
  8534 | D:9      | Reached skill level 5 in Earth Magic
  8534 | D:9      | Reached skill level 5 in Alchemy
  8686 | D:7      | Reached XP level 11. HP: 22/81 MP: 8/22
  8875 | D:6      | Reached skill level 8 in Shields
  8938 | D:6      | Killed a death yak
  9354 | D:9      | Noticed Joseph
  9369 | D:9      | Killed Joseph
  9553 | D:9      | Found a runed translucent gate.
  9554 | D:9      | Found a runed translucent gate.
  9554 | D:9      | Noticed Dirol's ghost (novice MfSu)
  9554 | D:9      | Identified the +1 chain mail of Cheibriados, Freezing {Harm
                  | rPois}
  9555 | D:9      | Found a runed translucent gate.
  9637 | D:9      | Reached **** piety under Sif Muna
 10157 | D:8      | Killed Dirol's ghost
 10300 | D:9      | Reached skill level 9 in Shields
 10454 | D:10     | Entered Level 10 of the Dungeon
 10504 | D:10     | Noticed a two-headed ogre
 10509 | D:10     | Killed a two-headed ogre
 10526 | D:10     | Found a flagged portal.
 10546 | Bailey   | Entered a bailey
 10848 | Bailey   | Reached ***** piety under Sif Muna
 11581 | D:10     | Noticed a two-headed ogre
 11600 | D:9      | Killed a two-headed ogre
 11601 | D:9      | Reached XP level 12. HP: 66/91 MP: 9/24
 11726 | D:10     | Found an iron altar of Okawaru.
 12099 | D:10     | Noticed a two-headed ogre
 12105 | D:10     | Killed a two-headed ogre
 12491 | D:9      | Learned a level 5 spell: Arcjolt
 12498 | D:9      | Learned a level 5 spell: Curse of Agony
 12509 | D:10     | Reached skill level 10 in Shields
 13445 | D:11     | Noticed a boulder beetle
 13463 | D:10     | Killed a boulder beetle
 14095 | D:11     | Noticed a two-headed ogre
 14104 | D:11     | Killed a two-headed ogre
 14224 | D:11     | Found Puxagiam's Vocational Training.
 14586 | D:12     | Found a staircase to the Orcish Mines.
 14587 | D:12     | Identified the +0 demon whip of Ufianao {pain, rElec rPois
                  | rC+ Dex+3}
 14603 | D:12     | Received a gift from Sif Muna
 14613 | D:12     | Got Ageestr Xueph's Omnibus of Violence and Places {god
                  | gift}
 14775 | D:12     | Noticed a two-headed ogre
 14787 | D:12     | Killed a two-headed ogre
 14788 | D:12     | Reached XP level 13. HP: 82/98 MP: 19/26
 14861 | D:12     | Reached skill level 11 in Shields
 15408 | Orc:1    | Entered Level 1 of the Orcish Mines
 15517 | Orc:1    | Noticed an orc warlord
 15539 | Orc:1    | Killed an orc warlord
 15885 | Orc:1    | Reached skill level 10 in Spellcasting
 16320 | Orc:2    | Entered Level 2 of the Orcish Mines
 16455 | Orc:2    | Found Dibojiask's Magic Scroll Emporium.
 16460 | Orc:2    | Bought a scroll of revelation for 97 gold pieces
 16711 | Orc:2    | Received a gift from Sif Muna
 16727 | Orc:2    | Noticed Urug
 16744 | Orc:2    | Killed Urug
 16749 | Orc:2    | Reached skill level 10 in Dodging
 16895 | Orc:2    | Gained mutation: You occasionally lose the ability to read
                  | scrolls when taking damage. [a neqoxec]
 16899 | Orc:2    | Reached skill level 12 in Shields
 17001 | Orc:2    | Reached skill level 10 in Stealth
 17008 | Orc:2    | Received a gift from Sif Muna
 17018 | Orc:2    | Slain by a sixfirhy

Illustrated notes

Levels and vault maps discovered:
D:1:      ebering_trefoil_twist, layout_rooms
D:2:      layout_loops_ring, chequers_serial_rivers_micro_c
D:3:      layout_loops_ring, uniq_sigmund
D:4:      layout_rooms, uniq_blork_the_orc, uniq_robin, uniq_grinder
D:5:      kb_forest_paths, layout_basic, zin_treasury,
          minmay_manual_mandibuliform
D:6:      layout_rooms, kennysheep_big_empty_room
D:7:      lemuel_bear_cage, layout_loops_cross, serial_shops,
          nicolae_shop_pleasant_corner_grove, minivault_10,
          wad_floor_pattern_untrapped, minivault_11, uniq_maurice, uniq_duvessa
D:8:      layout_loops_cross, minmay_lair_entry_lava, special_room
          [special_room_orc], dk_rats_in_the_wall, uniq_jeremiah
D:9:      layout_roguey, biasface_ghost_orc_armoury, item_on_display_a,
          uniq_joseph
D:10:     layout_roguey, mainiacjoe_overflow_surrounded_room, enter_bailey_5
D:11:     layout_small_grid, nicolae_shop_vocational
D:12:     layout_irregular_city, david_orc_5
Temple:   mainiacjoe_temple_big_plus
Orc:1:    layout_caves, basic_altar
Orc:2:    st_orc_pillars, layout_diamond_mine, basic_altar, serial_shops,
          nicolae_shop_rolling_square, uniq_urug

Skill      XL: |  1  2  3  4  5  6  7  8  9 10 11 12 13 |
---------------+----------------------------------------+-----
Conjurations   | 2 3 4 5 6 7 |  7.9
Spellcasting   | 5 6 7 8 9 10 | 10.3
Invocations    | 1 2 3 4 5 6 7 8 9 |  9.8
Fighting       | 1 2 3 4 5 6 7 8 9 |  9.0
Short Blades   | 1 2 3 4 5 6 7 8 9 |  9.0
Long Blades    | 1 2 3 4 5 6 7 8 9 |  9.0
Axes           | 1 2 3 4 5 6 7 8 9 |  9.0
Maces & Flails | 1 2 3 4 5 6 7 8 9 |  9.0
Polearms       | 1 2 3 4 5 6 7 8 9 |  9.0
Staves         | 1 2 3 4 5 6 7 8 9 |  9.0
Ranged Weapons | 1 2 3 4 5 6 7 8 9 |  9.0
Throwing       | 1 2 3 4 5 6 7 8 9 |  9.0
Armour         | 1 2 3 4 5 6 7 8 9 |  9.0
Shields        | 1 2 3 4 6 7 9 10 12 | 12.1
Unarmed Combat | 1 2 3 4 5 6 7 8 9 |  9.0
Evocations     | 1 2 3 4 5 6 7 8 9 |  9.0
Shapeshifting  | 1 2 3 4 5 6 7 8 |  8.2
Hexes          | 1 2 3 4 5 6 7 |  7.5
Summonings     | 1 2 3 4 5 6 7 |  7.5
Necromancy     | 1 2 3 4 5 6 7 |  7.5
Translocations | 1 2 3 4 5 6 7 |  7.5
Fire Magic     | 1 2 3 4 5 6 7 |  7.5
Ice Magic      | 1 2 3 4 5 6 7 |  7.5
Earth Magic    | 1 2 3 4 5 6 7 |  7.5
Alchemy        | 1 2 3 4 5 6 7 |  7.5
Dodging        | 5 6 7 8 9 10 | 10.1
Stealth        | 5 6 7 8 9 10 | 10.0
Air Magic      | 6 7 8 9 |  9.4

Action                     |  1- 3 |  4- 6 |  7- 9 | 10-12 | 13-15 || total
---------------------------+-------+-------+-------+-------+-------++-------
  Melee: Unarmed           |    18 |       |       |       |       ||    18
         Dagger            |    13 |       |    83 |       |       ||    96
         Bite              |     2 |     2 |    15 |    35 |    13 ||    67
         Short sword       |    18 |       |       |       |       ||    18
         Long sword        |       |    23 |   146 |   286 |   153 ||   608
         Punch             |       |     1 |     4 |    12 |       ||    17
  Throw: Dart              |       |       |       |     5 |       ||     5
   Cast: Shock             |    32 |    11 |    29 |       |       ||    72
         Airstrike         |       |     2 |     7 |    17 |    10 ||    36
         Static Discharge  |       |    18 |    37 |     3 |       ||    58
         Olgreb's Toxic Ra |       |       |     3 |    79 |    53 ||   135
         Swiftness         |       |       |       |     4 |       ||     4
         Arcjolt           |       |       |       |    19 |     1 ||    20
 Invoke: Channel Magic     |       |       |       |       |     2 ||     2
  Evoke: Wand              |       |       |       |    10 |     2 ||    12
         Lightning rod     |       |       |       |       |     5 ||     5
         Box of beasts     |       |       |       |       |     1 ||     1
    Use: Scroll            |     3 |     1 |     5 |    14 |     1 ||    24
         Potion            |       |       |     6 |     1 |     2 ||     9
   Stab: Sleeping          |     5 |     1 |     9 |     6 |     4 ||    25
         Paralysed         |       |       |       |    11 |     2 ||    13
 Armour: Leather armour    |    25 |    58 |   113 |   215 |       ||   411
         Robe              |       |       |    40 |    30 |       ||    70
         Troll leather arm |       |       |       |     7 |    72 ||    79
  Dodge: Dodged            |    55 |    57 |   217 |   408 |   110 ||   847
  Block: Kite shield       |       |       |       |    21 |   127 ||   148

Table legend: (Time is in decaauts)
 A = Elapsed time spent in this place.
 B = Non-inter-level travel time spent in this place.
 C = Inter-level travel time spent in this place.
 D = Time resting spent in this place.
 E = Time spent auto-exploring this place.
 F = Levels seen in this place.
 G = Mean time per level.
                   A        B        C        D        E       F      G
               +--------+--------+--------+--------+--------+-----+--------+
         Total |  17094 |  16338 |    756 |   4163 |   6789 |  16 | 1068.4 |
       Dungeon |  14574 |  13888 |    686 |   3746 |   6066 |  12 | 1214.5 |
        Temple |     63 |      3 |     60 |      0 |      0 |   1 |   63.0 |
  Orcish Mines |   1507 |   1498 |      9 |    113 |    539 |   2 |  753.5 |
        Bailey |    949 |    949 |      0 |    304 |    184 |   1 |  949.0 |
               +--------+--------+--------+--------+--------+-----+--------+

Top non-repeatable levels by time:
     D:9: 1787 daAuts
     D:8: 1644 daAuts
    D:10: 1540 daAuts
     D:7: 1482 daAuts
     D:6: 1390 daAuts
     D:5: 1383 daAuts
     D:3: 1329 daAuts
    D:12: 991 daAuts
     D:4: 965 daAuts
  Bailey: 949 daAuts
    D:11: 819 daAuts
   Orc:1: 804 daAuts
   Orc:2: 702 daAuts
     D:2: 652 daAuts
     D:1: 587 daAuts
